Unix NetHack Version 5.0.0-0 post-release - last build Jun 10 2026 00:39:30 (3ee93aec679c4c4259841fe613dc97188e26a321,branch:main).

Game began 2026-06-24 06:23:03, ended 2026-06-24 08:05:48.

JohnDarcy, neutral male human Tourist

                               -------     -------
                               |>.|..|   --|.....|
                               |.....|   |.+.....|
                              ---`--.|   |-|.....|--
                           ----.`..|.--  |.+.....+.|
                           |.......|..-- |-|.....|.|
                           |.`.`---|.`.| |.+.....|.|
                           |.``.|..|..`| --|.....|.|
                           |`.`....|``.|   ------|.|
                          --.`..|`.....--        |.|
                          |.``B`|..|....|        |.|
                          |`..u.|--|.``.|        |.|
                          |..|.--  --...|        |.|
                          ----.|    -----        |.|
                            |.`-------------------.|
                            |..^^^^^^^^^^^^^^^^^^^.|
                            ------------------------

JohnDarcy the Excursionist  St:12 Dx:12 Co:14 In:14 Wi:11 Ch:18  Neutral
Dlvl:5  $:702 HP:0(43) Pw:30(30) AC:6  Xp:6 T:3076  Burdened

Latest messages:
 With great effort you move the boulder.
 With great effort you move the boulder.
 With great effort you move the boulder.
 You swap places with your warhorse.
 With great effort you move the boulder.
 What do you want to use or apply? [cmntxIQV or ?*] c
 In what direction? 1
 The vampire bat is blinded by the flash!
 The vampire bat bites!
 The vampire bat bites again!
 The vampire bat bites!
 The vampire bat bites again!
 The vampire bat bites!
 The vampire bat bites again!
 The vampire bat's bite was poisoned!
 The warhorse hits the vampire bat.
 The warhorse bites the vampire bat.
 The vampire bat bites the warhorse.
 The vampire bat misses the warhorse.
 The warhorse misses the vampire bat.
 The warhorse misses the vampire bat.
 The warhorse misses the vampire bat.
 The warhorse misses the vampire bat.
 The warhorse misses the vampire bat.
 The warhorse misses the vampire bat.
 The vampire bat bites!
 The vampire bat bites again!
 The warhorse hits the vampire bat.
 The warhorse misses the vampire bat.
 The vampire bat misses the warhorse.
 The vampire bat bites the warhorse.
 The vampire bat's bite was poisoned!
 The warhorse hits the vampire bat.
 The warhorse misses the vampire bat.
 The warhorse misses it.
 The warhorse misses it.
 The warhorse hits the vampire bat.
 The warhorse bites the vampire bat.
 The vampire bat bites!
 The vampire bat misses!
 The warhorse misses the vampire bat.
 The warhorse misses the vampire bat.
 The warhorse misses the vampire bat.
 The warhorse misses the vampire bat.
 The vampire bat bites!
 The vampire bat bites again!
 The vampire bat's bite was poisoned!
 You die...
 Do you want your possessions identified? [ynq] (y) y
 Do you want to see your attributes? [ynq] (y) q

Inventory:
 Coins    ('$')
  $ - 702 gold pieces
 Weapons  (')')
  a - 11 +2 darts (at the ready)
  W - 9 +0 shuriken
  N - a +0 dagger
  u - a +0 knife (weapon in right hand)
  s - 2 +0 orcish daggers
 Armor    ('[')
  F - an uncursed +0 dwarvish iron helm
  v - an uncursed +0 orcish helm (being worn)
  G - an uncursed +0 pair of iron shoes (being worn)
  D - an uncursed +0 cloak of invisibility (being worn)
  k - a blessed +0 Hawaiian shirt with a ukulele motif (being worn)
 Comestibles  ('%')
  f - 4 uncursed Pineapples
  X - an uncursed apple
  P - an uncursed candy bar labeled "Chocolate Nuggie"
  l - 16 uncursed food rations
  A - 2 uncursed sprigs of wolfsbane
  e - 3 uncursed tripe rations
  d - an uncursed egg
  U - an uncursed lizard corpse
 Scrolls  ('?')
  E - a cursed scroll of destroy armor
  L - an uncursed scroll of earth
  K - a cursed scroll of earth
  C - an uncursed scroll of gold detection
  M - an uncursed scroll of identify
  j - 2 uncursed scrolls of magic mapping
 Potions  ('!')
  z - an uncursed potion of fruit juice
 Rings    ('=')
  Y - a cursed ring of hunger
  R - a cursed +1 ring of increase accuracy
  J - an uncursed ring of see invisible
  H - an uncursed ring of warning
 Wands    ('/')
  n - a wand of light (0:14)
  I - a wand of light (0:13)
  V - a wand of locking (0:3)
  Q - a wand of make invisible (0:3)
  x - a wand of secret door detection (0:13)
 Tools    ('(')
  m - an uncursed credit card
  c - an expensive camera (0:62)
  t - an uncursed magic whistle

JohnDarcy the Tourist's attributes:

Background:
 You were an Excursionist, a level 6 male human Tourist.
 You were neutral, nominally on a mission for The Lady
 who was opposed by Blind Io (lawful) and Offler (chaotic).
 You were right-handed.
 You were in Sokoban, on level 5.
 You entered the dungeon 3076 turns ago.
 You had 448 experience points, 192 more were needed to attain level 7.

Basics:
 You had 0 out of 43 hit points.
 You had all 30 energy points (spell power).
 Your armor class was 6.
 Your wallet contained 702 zorkmids.
 Autopickup was off.

Final Characteristics:
 Your strength was 12 (limit:18/100).
 Your dexterity was 12 (limit:18).
 Your constitution was 14 (limit:18).
 Your intelligence was 14 (limit:18).
 Your wisdom was 11 (limit:18).
 Your charisma was 18 (limit:18).

Final Status:
 You weren't hungry.
 You were burdened; movement was slightly slowed.
 You were wielding a knife.
 You were unskilled in knife.

Final Attributes:
 You were fervently aligned.
 You would have confused monsters when hitting them.
 You were invisible.
 You were warded.
 You are dead.

Miscellaneous:
 You didn't encounter any bones levels.
 Total elapsed playing time was 40 minutes and 56 seconds.

Major events:
 Turn
    1: JohnDarcy the neutral male human Tourist entered the dungeon
  385: entered the Gnomish Mines
  750: attained the rank of Sightseer (level 3)
 1320: entered Sokoban
 1677: completed 1st Sokoban level
 1992: completed 2nd Sokoban level
 2674: attained the rank of Excursionist (level 6)
 2951: completed 3rd Sokoban level
 3076: killed by a vampire bat

You didn't know any spells.

Skills:
 Fighting Skills
   bare handed combat [Unskilled]
   two weapon combat  [Unskilled]
   riding             [Unskilled]
 Weapon Skills
   dagger             [Unskilled]
   knife              [Unskilled]
   axe                [Unskilled]
   pick-axe           [Unskilled]
   short sword        [Unskilled]
   broadsword         [Unskilled]
   long sword         [Unskilled]
   two-handed sword   [Unskilled]
   saber              [Unskilled]
   mace               [Unskilled]
   morning star       [Unskilled]
   flail              [Unskilled]
   hammer             [Unskilled]
   quarterstaff       [Unskilled]
   polearms           [Unskilled]
   spear              [Unskilled]
   trident            [Unskilled]
   lance              [Unskilled]
   bow                [Unskilled]
   sling              [Unskilled]
   crossbow           [Unskilled]
   dart               [Basic]
   shuriken           [Unskilled]
   boomerang          [Unskilled]
   whip               [Unskilled]
   unicorn horn       [Unskilled]
 Spellcasting Skills
   divination spells  [Unskilled]
   enchantment spells [Unskilled]
   escape spells      [Unskilled]

Voluntary challenges:
 Character rerolling was not enabled.
 You were an atheist.
 You never genocided any monsters.
 You never polymorphed an object.
 You never changed form.
 You used no wishes.
 You did not violate any of the special Sokoban rules.
Achievements:
 You entered the Gnomish Mines.
 You attained the rank of Sightseer.
 You entered Sokoban.
 You attained the rank of Excursionist.

 The Dungeons of Doom: levels 1 to 9
    Level 1:
    Level 2:
       A fountain, a sink.
    Level 3:
    Level 4:
       Stairs down to The Gnomish Mines.
    Level 5:
       A sink.
    Level 6:
       A scroll shop, a fountain.
    Level 7:
    Level 8:
    Level 9:
       A fountain.
       Stairs up to Sokoban, level 8.
 The Gnomish Mines:
    Level 5:
 Sokoban: levels 8 up to 5
    Level 5: <- You were here.
       Unsolved.
       Final resting place for
          you, killed by a vampire bat.
    Level 6:
       Solved.
    Level 7:
       Solved.
    Level 8:
       Solved.


Vanquished creatures:
  a quivering blob
  a panther
  a yeti
  a lizard
  a dust vortex
  a plains centaur
  a shrieker
  3 giant ants
  a little dog
  a floating eye
  a dwarf
  a kobold shaman
  3 rothes
  a monkey
 an iguana
  2 acid blobs
  a hobbit
  a hobgoblin
  2 cave spiders
  a yellow mold
  3 garter snakes
  a gnome zombie
  2 geckos
  2 jackals
  a kobold
  2 goblins
  a sewer rat
  3 grid bugs
  3 newts
44 creatures vanquished.

No species were genocided or became extinct.

Game over:
                       ----------
                      /          \
                     /    REST    \
                    /      IN      \
                   /     PEACE      \
                  /                  \
                  |    JohnDarcy     |
                  |      702 Au      |
                  |   killed by a    |
                  |   vampire bat    |
                  |                  |
                  |                  |
                  |       2026       |
                 *|     *  *  *      | *
        _________)/\\_//(\/(/\)/\//\/|_)_______

Aloha JohnDarcy the Tourist...

You died in Sokoban on dungeon level 5 with 2331 points,
and 702 pieces of gold, after 3076 moves.
You were level 6 with a maximum of 43 hit points when you died.

